 Dungeon Crawl Stone Soup version 0.19-a0-1686-g35356ef (webtiles) character file.

109164 HungrySpirit the Swashbuckler (level 16, 0/160 HPs)
             Began as an Octopode Berserker on Sept 25, 2016.
             Was the Champion of Trog.
             Succumbed to a naga ritualist's splash of poison
             ... on level 2 of the Snake Pit.
             The game lasted 00:47:46 (25740 turns).

HungrySpirit the Swashbuckler (Octopode Berserker) Turns: 25740, Time: 00:47:46

Health: 0/160      AC:  7    Str: 26    XL:     16   Next: 51%
Magic:  4/16       EV: 29    Int: 13    God:    Trog [******]
Gold:   1063       SH:  6    Dex: 23    Spells: 0 memorised, 15 levels left

rFire  + + .     SeeInvis .     Y - +9 quick blade (drain)
rCold  + . .     Gourm    .     c - +0 buckler
rNeg   + + +     Faith    .     (helmet restricted)
rPois  +         Spirit   .     d - amulet "Saurrasa" {+Rage rPois rC+ rN+}
rElec  .         Dismiss  .     z - +5 ring of dexterity
rCorr  .         Reflect  .     D - ring of positive energy
MR     +....     Harm     .     I - +3 ring of protection
Stlth  ..........               Q - +4 ring of strength
                                p - ring of positive energy
                                t - +4 ring of intelligence
                                l - ring of protection from fire
                                (no ring)

@: berserking (expiring), lethally poisoned (0 -> -25), very quick
A: almost no armour, stealthy swim, amphibious, 8 rings, constrict 8, thin
metallic scales 1, camouflage 1, fire resistance 1, poison resistance,
gelatinous body 1
a: Berserk, Trog's Hand, Brothers in Arms, Burn Spellbooks, Renounce Religion,
Evoke Berserk Rage


You were on level 2 of the Snake Pit.
You worshipped Trog.
Trog was exalted by your worship.
You were not hungry.

You visited 4 branches of the dungeon, and saw 25 of its levels.

You collected 2489 gold pieces.
You spent 1426 gold pieces at shops.

Inventory:

Hand Weapons
 R - a +3 antimagic rapier
 Y - a +9 quick blade of draining (weapon)
Missiles
 H - 3 throwing nets (quivered)
Armour
 c - a +0 buckler (worn)
 K - a +1 shield
Jewellery
 d - the amulet "Saurrasa" (around mantle) {+Rage rPois rC+ rN+}
   (You bought it in a shop on level 2 of the Orcish Mines)

   [amulet of rage]

   It protects you from cold.
   It protects you from poison.
   It protects you from negative energy.
   It lets you go berserk.
 l - a ring of protection from fire (on tentacle)
 m - the ring "Ceunynaf" {rCorr rPois rF+ MR- Slay+2}
   (You acquired it on level 5 of the Lair of Beasts)

   [ring of resist corrosion]

   It affects your accuracy and damage with ranged weapons and melee attacks
   (+2).
   It protects you from fire.
   It protects you from poison.
   It affects your resistance to hostile enchantments.
 p - a ring of positive energy (on tentacle)
 t - a +4 ring of intelligence (on tentacle)
 z - a +5 ring of dexterity (left tentacle)
 C - an uncursed ring of poison resistance
 D - a ring of positive energy (right tentacle)
 I - a +3 ring of protection (on tentacle)
 Q - a +4 ring of strength (on tentacle)
Wands
 w - a wand of disintegration (10/24)
 L - a wand of teleportation (7/9)
 P - a wand of digging (12/24)
 V - a wand of teleportation (7/9)
Scrolls
 a - a scroll of enchant armour
 e - 12 scrolls of remove curse
 h - 4 scrolls of recharging
 k - 7 scrolls of fear
 u - 4 scrolls of blinking
 y - a scroll of summoning
 A - 3 scrolls of immolation
 J - a scroll of identify
 O - a scroll of fog
 U - 5 scrolls of teleportation
Potions
 f - 3 potions of ambrosia
 g - a potion of berserk rage
 i - 2 potions of beneficial mutation {unknown}
 j - 4 potions of might
 n - 4 potions of haste {unknown}
 o - 4 potions of brilliance
 q - 4 potions of heal wounds {unknown}
 r - 6 potions of curing
 s - 5 potions of agility
 v - 3 potions of resistance
 E - a potion of flight {unknown}
 N - 2 potions of lignification {unknown}
 T - a potion of cure mutation
 Z - a potion of invisibility
Miscellaneous
 G - a sack of spiders
Comestibles
 b - 9 bread rations
 x - 17 meat rations
 B - 5 beef jerkies
 F - 2 fruits
 M - 9 slices of pizza


   Skills:
 + Level 8.8 Fighting
 * Level 16.9 Short Blades
 * Level 16.8 Dodging
 + Level 16.4 Stealth
 - Level 5.6 Shields


You had 15 spell levels left.
You didn't know any spells.

Dungeon Overview and Level Annotations

Branches:
Dungeon (15/15)            Temple (0/1) D:7            Lair (6/6) D:9
  Swamp (0/4) Lair:4        Snake (2/4) Lair:2        Slime (0/5) Lair:5
    Orc (2/2) D:12            Elf (0/3) Orc:2        Vaults (0/5) D:14
 Depths (0/5) D:15

Altars:
Makhleb
Nemelex Xobeh
Ru
The Shining One
Beogh
Jiyva

Shops:
D:8 =   Orc:2 [(*=

Annotations:
Lair:5 1 runed door
Lair:6 exclusion: door


Innate Abilities, Weirdness & Mutations

You cannot wear most types of armour.
You are very stealthy in the water.
You are amphibious.
You can wear up to eight rings at the same time.
You can use your tentacles to constrict eight enemies at once.
Your skin changes colour to match your surroundings (Stealth+).
Your rubbery body absorbs attacks. (AC +1, EV +1)
You are partially covered in thin metallic scales. (AC +2)
Your flesh is heat resistant. (rF+)
Your system is resistant to poisons. (rPois)


Message History

Unknown command.
You puncture the mana viper! You squeeze the mana viper.
You kill the mana viper!
Trog accepts your kill.
* * * LOW HITPOINT WARNING * * *
You feel sick.
Unknown command.
* * * LOW HITPOINT WARNING * * *
You feel sick.
Unknown command.
You feel a strong urge to attack something.
* * * LOW HITPOINT WARNING * * *
You feel sick. The naga ritualist spits poison at you.
The splash of poison hits you!
You are more poisoned.
You resist.
* * * LOW HITPOINT WARNING * * *
You are too berserk!
You die...

...[..###
##...#####...##
.....## ###...##
##..### ######
##..).## #..##
##..#### ##.##
#...## #..#
##....## ##†##
#......####†.# ...
##)......##..##
....##.........@.##
.....#........N###
..............##
.............##
...........##
........./##
..##....## ##†..##
#..###


You could see a naga ritualist.

Vanquished Creatures
  Rupert (Lair:5)
  The ghost of st0uf the Warrior, an adept DsGl of Okawaru (D:13)
  Frances (D:13)
  Gastronok (D:9)
  An orc warlord (Orc:1)
  A very ugly thing (D:13)
  Nessos (D:12)
  Azrael (Orc:2)
  2 dire elephants (Lair:6)
  A fire dragon (D:15)
  Erolcha (D:9)
  An ice dragon (D:15)
  3 vault guards (D:14)
  2 hydras (Lair:6)
  2 centaur warriors
  7 naga warriors
  A catoblepas (D:13)
  An ogre mage (Orc:1)
  4 anacondas
  A death yak (Lair:6)
  A tengu warrior (D:14)
  An orc high priest (Orc:2)
  2 shock serpents (Snake:2)
  3 naga sharpshooters (Snake:2)
  An unseen horror (D:14)
  A naga ritualist (Snake:2)
  4 wizards
  4 hill giants
  Pikel (D:4)
  4 orc knights
  3 necromancers (D:14)
  A wolf spider zombie (D:13)
  A wolf spider (D:15)
  4 mana vipers
  5 orc sorcerers (Orc:2)
  A cyclops (D:14)
  8 ugly things
  2 manticores (D:14)
  9 elephants
  5 salamanders
  6 naga magi
  A guardian serpent (Snake:2)
  3 centaur skeletons
  17 black mambas
  15 spiny frogs
  3 rime drakes
  6 komodo dragons
  2 yaktaurs
  A polar bear (Lair:2)
  6 trolls
  A tengu conjurer (D:14)
  2 two-headed ogres (Orc:1)
  3 slime creatures (D:12)
  16 blink frogs
  8 dream sheep (Lair:6)
  13 hippogriffs
  2 wraiths
  3 water elementals (D:15)
  A vampire (D:14)
  A spriggan (Lair:2)
  Eustachio (D:6)
  2 fire elementals (Orc:2)
  15 humans (D:14)
  Grum (D:10)
  41 yaks
  3 hungry ghosts
  A basilisk (D:12)
  6 vampire mosquitoes (Lair:4)
  2 wargs
  2 mottled dragons (D:14)
  18 water moccasins
  Edmund (D:4)
  11 nagas
  4 hell hounds (Orc:2)
  6 porcupines
  3 slaves (D:4)
  A wasp (D:13)
  7 ice beasts
  25 orc warriors
  An eye of draining (D:9)
  4 sky beasts
  3 black bears
  13 ogres
  4 necrophages (Lair:4)
  A phantom (D:8)
  12 wolves
  4 boggarts (D:14)
  12 centaurs
  7 crocodiles
  4 big kobolds
  16 bullfrogs
  A gnoll sergeant (D:9)
  A wyvern zombie (D:7)
  4 scorpions
  13 killer bees
  13 wights
  9 howler monkeys
  2 electric eels (D:12)
  A lava snake (D:13)
  9 crimson imps
  2 bullfrog zombies
  23 orc priests
  A centaur zombie (D:8)
  6 hounds
  3 jellies
  Crazy Yiuf (D:4)
  21 orc wizards
  2 bullfrog skeletons
  9 iguanas
  4 hell rats (Lair:1)
  9 worker ants
  A killer bee zombie (D:10)
  4 hound skeletons
  2 worker ant zombies
  17 adders
  4 gnolls (D:9)
  35 river rats
  2 shadow imps
  2 oozes
  2 adder zombies
  3 worms
  5 leopard geckos
  73 orcs
  10 giant cockroaches
  5 hobgoblins
  8 jackals
  2 quokkas
  4 ball pythons
  9 bats
  8 frilled lizards
  6 goblins
  24 kobolds
  A quokka zombie (D:6)
  11 rats
  A fungus (D:9)
809 creatures vanquished.

Vanquished Creatures (collateral kills)
  2 hydras
  A hippogriff (Lair:1)
3 creatures vanquished.

Vanquished Creatures (others)
  A worker ant (D:4)
  A leopard gecko (D:4)
  11 fungi
  A plant (Lair:6)
14 creatures vanquished.

Grand Total: 826 creatures vanquished

Notes
Turn   | Place    | Note
-------+----------+-------------------------------------------
     0 | D:1      | HungrySpirit the Octopode Berserker began the quest for the Orb.
     0 | D:1      | Reached XP level 1. HP: 16/16 MP: 1/1
   126 | D:1      | Reached XP level 2. HP: 18/21 MP: 2/2
   732 | D:2      | Reached XP level 3. HP: 26/26 MP: 3/3
   772 | D:2      | Reached skill level 1 in Stealth
   791 | D:2      | Reached ** piety under Trog
   918 | D:2      | Found a faded altar of an unknown god.
   924 | D:2      | Reached XP level 4. HP: 28/31 MP: 4/4
  1320 | D:3      | Reached XP level 5. HP: 36/36 MP: 5/5
  1322 | D:3      | Reached *** piety under Trog
  1615 | D:4      | Noticed a slave
  1617 | D:4      | Noticed an ogre
  1644 | D:4      | Killed an ogre
  1703 | D:4      | Noticed a slave
  1704 | D:4      | Noticed a slave
  1709 | D:4      | Reached XP level 6. HP: 34/42 MP: 6/6
  1711 | D:4      | Noticed a slave
  1717 | D:4      | Killed a slave
  1719 | D:4      | Noticed Pikel
  1721 | D:4      | Killed a slave
  1734 | D:4      | Killed a slave
  2077 | D:4      | Killed Pikel
  2077 | D:4      | Reached skill level 5 in Dodging
  2077 | D:4      | Reached skill level 5 in Stealth
  2077 | D:4      | Reached XP level 7. HP: 46/46 MP: 7/7
  2131 | D:4      | Noticed Edmund
  2137 | D:4      | Killed Edmund
  2175 | D:4      | Reached XP level 8. HP: 52/52 MP: 8/8
  2764 | D:4      | Found a runed door.
  2768 | D:4      | Noticed Crazy Yiuf
  2772 | D:4      | Killed Crazy Yiuf
  2802 | D:5      | Entered Level 5 of the Dungeon
  3044 | D:5      | Reached **** piety under Trog
  3214 | D:5      | Found a glowing golden altar of the Shining One.
  3962 | D:6      | Noticed Eustachio
  3969 | D:6      | Killed Eustachio
  4097 | D:6      | Reached XP level 9. HP: 56/56 MP: 9/9
  4382 | D:7      | Found a staircase to the Ecumenical Temple.
  5349 | D:8      | Found Apufecza's Jewellery Shoppe.
  5403 | D:8      | Reached XP level 10. HP: 30/63 MP: 10/10
  5412 | D:8      | Bought a +3 ring of protection for 252 gold pieces
  5764 | D:8      | Reached ***** piety under Trog
  5932 | D:8      | Found a glowing golden altar of the Shining One.
  5974 | D:8      | Reached skill level 10 in Short Blades
  6318 | D:9      | Found a staircase to the Lair.
  6337 | D:9      | Reached skill level 10 in Dodging
  6415 | D:9      | Noticed Gastronok
  6438 | D:9      | Killed Gastronok
  6438 | D:9      | Reached skill level 10 in Stealth
  6513 | D:9      | Noticed Erolcha
  6520 | D:9      | Killed Erolcha
  6520 | D:9      | Reached XP level 11. HP: 67/67 MP: 11/11
  6768 | D:9      | Found a sacrificial altar of Ru.
  6973 | D:10     | Entered Level 10 of the Dungeon
  7057 | D:10     | Noticed Grum
  7069 | D:10     | Killed Grum
  8535 | D:11     | Received a gift from Trog
  8583 | D:11     | Noticed a seven-headed hydra
  8606 | D:11     | Killed a seven-headed hydra
  9297 | D:12     | Found a staircase to the Orcish Mines.
  9446 | D:12     | Noticed Nessos
  9454 | D:12     | HP: 4/103 [Nessos/arrow (2)]
  9457 | D:12     | Killed Nessos
  9457 | D:12     | Reached XP level 12. HP: 3/75 MP: 4/12
  9458 | D:12     | HP: 1/75 [poisoned by Nessos]
 10145 | D:12     | Noticed a seven-headed hydra
 10149 | D:12     | Killed a seven-headed hydra
 10758 | D:13     | Noticed Frances
 10763 | D:13     | Killed Frances
 10763 | D:13     | Reached skill level 5 in Fighting
 10904 | D:13     | Noticed st0uf's ghost (adept DsGl)
 10955 | D:13     | Killed st0uf's ghost
 11087 | D:13     | Noticed a catoblepas
 11225 | Lair:1   | Entered Level 1 of the Lair of Beasts
 11545 | Lair:1   | Reached XP level 13. HP: 16/83 MP: 4/13
 12475 | Lair:2   | You fall through a shaft for 2 floors!
 12681 | Lair:3   | Reached skill level 1 in Shields
 12915 | Lair:2   | Found a staircase to the Snake Pit.
 12961 | Lair:2   | Gained mutation: Your system is resistant to poisons. (rPois) [potion of mutation]
 12961 | Lair:2   | Gained mutation: You are partially covered in thin metallic scales. (AC +2) [potion of mutation]
 12961 | Lair:2   | Gained mutation: Your flesh is heat resistant. (rF+) [potion of mutation]
 14189 | Lair:3   | Reached ****** piety under Trog
 14765 | Lair:4   | Received a gift from Trog
 14766 | Lair:4   | Found a staircase to the Swamp.
 15244 | Lair:5   | Noticed Rupert
 15251 | Lair:5   | Killed Rupert
 15296 | Lair:5   | Found a runed door.
 15299 | Lair:5   | Found a viscous altar of Jiyva.
 15300 | Lair:5   | Found a staircase to the Slime Pits.
 15397 | Lair:5   | Reached XP level 14. HP: 82/90 MP: 14/14
 15574 | Lair:5   | Received a gift from Trog
 15675 | Lair:5   | Identified a scroll of acquirement
 15678 | Lair:5   | Got a transparent steel ring
 15679 | Lair:5   | Identified the ring "Ceunynaf" {rCorr rPois rF+ MR- Slay+2} (You acquired it on level 5 of the Lair of Beasts)
 16384 | Lair:6   | Entered Level 6 of the Lair of Beasts
 16697 | Lair:6   | Reached skill level 5 in Shields
 16960 | Lair:6   | Noticed a dire elephant
 17003 | Lair:6   | Killed a dire elephant
 17141 | Lair:6   | Reached skill level 15 in Short Blades
 17163 | Lair:6   | Found a burning altar of Makhleb.
 17179 | Lair:6   | Noticed a dire elephant
 17200 | Lair:6   | Killed a dire elephant
 17200 | Lair:6   | Reached skill level 15 in Dodging
 17742 | Orc:1    | Entered Level 1 of the Orcish Mines
 17767 | Orc:1    | Received a gift from Trog
 18026 | Orc:1    | Found a burning altar of Makhleb.
 18165 | Orc:2    | Entered Level 2 of the Orcish Mines
 18861 | Orc:2    | Noticed an orc warlord
 18908 | Orc:1    | Killed an orc warlord
 18908 | Orc:1    | Reached skill level 15 in Stealth
 19052 | Orc:2    | Found a roughly hewn altar of Beogh.
 19413 | Orc:2    | Found a staircase to the Elven Halls.
 19424 | Orc:2    | Reached XP level 15. HP: 96/96 MP: 15/15
 20057 | Orc:2    | Found Dounar's Antique Armour Shop.
 20089 | Orc:2    | Found Vewkuw's Jewellery Shop.
 20110 | Orc:2    | Found Healaappe's Antique Weapon Shop.
 20126 | Orc:2    | Found Musi's General Store.
 20150 | Orc:2    | Bought the amulet "Saurrasa" {+Rage rPois rC+ rN+} for 748 gold pieces
 20150 | Orc:2    | Bought an uncursed ring of protection from fire for 300 gold pieces
 20170 | Orc:2    | Bought a potion of curing for 54 gold pieces
 20170 | Orc:2    | Bought a potion of might for 72 gold pieces
 20341 | Orc:2    | Noticed Azrael
 20358 | Orc:2    | Received a gift from Trog
 20368 | Orc:2    | Killed Azrael
 21726 | D:14     | Received a gift from Trog
 21740 | D:14     | Found a gate to the Vaults.
 22471 | D:15     | Entered Level 15 of the Dungeon
 22934 | D:15     | Found a staircase to the Depths.
 23459 | Snake:1  | Entered Level 1 of the Snake Pit
 23499 | Snake:1  | Reached XP level 16. HP: 85/105 MP: 8/16
 24510 | Snake:2  | Received a gift from Trog
 24845 | Snake:2  | Found a sparkling altar of Nemelex Xobeh.
 25735 | Snake:2  | HP: 8/160 [poisoned by a black mamba]
 25739 | Snake:2  | HP: 1/160 [naga ritualist/splash of poison (3)]
 25740 | Snake:2  | Succumbed to a naga ritualist's splash of poison

Vault maps used:
D:1:      dpeg_arrival_connections
D:2:      ecumenical_altar_1
D:3:      minmay_roachtagon
D:4:      first_bread, uniq_crazy_yiuf_cottage, uniq_pikel, uniq_edmund
D:5:      serial_aquarium, aquarium_bridge_square, aquarium_window_corner,
          aquarium_window_fake, aquarium_view_2g, hangedman_decor_lopped,
          tso_altar
D:6:      kennysheep_generic_room_16, uniq_eustachio
D:8:      basic_altar, serial_shops, shop
D:9:      dpeg_oklobed_lair, blue_anna_alchemist, nicolae_ru_path_of_blood,
          uniq_gastronok, uniq_erolcha
D:10:     uniq_grum
D:12:     david_orc_3, uniq_nessos
D:13:     cheibrodos_breeding_chamber, uniq_frances
D:14:     grunt_vaults_entry_tiered, nicolae_benzene_ring
D:15:     grunt_enter_depths_hoard, grunt_decor_cap, serial_bayou_lagoon_b
Lair:1:   kennysheep_abandoned_house, lab_entry_generic
Lair:2:   minmay_snake_entry_six_corridors, forest_entry_grove
Lair:4:   minmay_swamp_entry_swarm, roderic_carrion_pond, grunt_megastairs_5
Lair:5:   slime_altar_2, nicolae_quartered_pool_medium, minmay_holes,
          beast_lair_carwin_10, infiniplex_staircase_pool_2, uniq_rupert
Lair:6:   evil_forest
Snake:1:  grunt_megastairs_3
Snake:2:  serial_shops, statue_bzr, basic_altar, minmay_shop_grove
Orc:1:    basic_altar, uniq_nergalle
Orc:2:    grunt_orc_cross, uniq_azrael

Skill      XL: |  1  2  3  4  5  6  7  8  9 10 11 12 13 14 15 |
---------------+----------------------------------------------+-----
Stealth        | 1 2 3 5 7 8 10 11 12 14 15 16 | 16.4
Dodging        | 4 5 6 7 9 10 12 13 14 15 16 | 16.8
Short Blades   | 4 6 7 9 11 12 13 14 15 16 | 16.9
Fighting       | 4 6 8 |  8.8
Shields        | 4 5 |  5.6

Action                   |  1- 3 |  4- 6 |  7- 9 | 10-12 | 13-15 | 16-18 || total
-------------------------+-------+-------+-------+-------+-------+-------++-------
Melee: Short sword       |    16 |       |       |       |       |       ||    16
       Constrict         |    15 |    24 |    36 |    84 |   185 |     8 ||   352
       Dagger            |    45 |   110 |   198 |   383 |       |       ||   736
       Tentacles         |     4 |    24 |    53 |   220 |   509 |    75 ||   885
       Quick blade       |       |       |       |   297 |  1332 |   208 ||  1837
Invok: Berserk           |       |     4 |     7 |    14 |     9 |     3 ||    37
       Burn Spellbooks   |       |     1 |       |       |     3 |       ||     4
       Brothers in Arms  |       |       |       |     3 |     2 |       ||     5
       Trog's Hand       |       |       |       |     1 |     2 |       ||     3
Evoke: Wand              |       |       |       |       |     2 |       ||     2
  Use: Scroll            |       |       |     1 |    16 |    16 |       ||    33
       Potion            |       |       |       |     3 |     1 |       ||     4
 Stab: Sleeping          |     8 |     5 |    24 |    45 |    75 |    15 ||   172
       Distracted        |       |     1 |     2 |     3 |    13 |     4 ||    23
       Petrifying        |       |       |       |       |     3 |       ||     3
       Petrified         |       |       |       |       |     2 |       ||     2
  Eat: Chunk             |       |     2 |    17 |    26 |    37 |       ||    82
       Bread ration      |       |     1 |       |       |       |       ||     1
       Pizza             |       |       |     1 |       |       |       ||     1
       Fruit             |       |       |       |     8 |    11 |    12 ||    31
       Royal jelly       |       |       |       |     1 |     1 |       ||     2
Armor: Skin              |     4 |    16 |     3 |    28 |    45 |     8 ||   104
Dodge: Dodged            |    30 |   106 |   111 |   262 |   494 |    93 ||  1096
Block: Buckler           |       |       |       |       |    68 |    25 ||    93
